 Dungeon Crawl Stone Soup version 0.24.1-14-gf8d2b509d9 (console) character file.

Game seed: 5350506027064733380, levelgen mode: deterministic

151 Kagalorn the Sneak (level 5, -5/40 HPs)
             Began as a Gnoll Wanderer on Mar 4, 2021.
             Slain by an ogre
             ... wielding a +0 giant club
              (23 damage)
             ... on level 3 of the Dungeon.
             The game lasted 00:05:35 (2368 turns).

Kagalorn the Sneak (Gnoll Wanderer)                 Turns: 2368, Time: 00:05:35

Health: -5/40      AC: 10    Str: 17    XL:     5   Next: 33%
Magic:  7/7        EV:  8    Int: 11    God:
Gold:   114        SH:  5    Dex: 16    Spells: 6/6 levels left

rFire    . . .     SeeInvis .   b - +0 falchion
rCold    . . .     Gourm    .   d - +0 buckler
rNeg     . . .     Faith    .   k - +0 chain mail
rPois    .         Spirit   .   t - +0 helmet
rElec    .         Reflect  .   (no cloak)
rCorr    .         Harm     .   (no gloves)
MR       .....                  x - +0 pair of boots
Stlth    +.........             (no amulet)
HPRegen  0.13/turn              (no ring)
MPRegen  0.10/turn              (no ring)

@: no status effects
A: distributed training, fangs 1, strong nose
a: no special abilities


You were on level 3 of the Dungeon.
You were not hungry.

You visited 1 branch of the dungeon, and saw 3 of its levels.

You collected 114 gold pieces.

Inventory:

Hand Weapons
 a - a +2 dagger
 b - a +0 falchion (weapon)
Missiles
 e - 26 bolts
 h - 48 stones
 j - 11 sling bullets
 l - 4 javelins (quivered)
 w - 2 throwing nets
Armour
 d - a +0 buckler (worn)
 k - a +0 chain mail (worn)
 t - a +0 helmet (worn)
 x - a +0 pair of boots (worn)
Jewellery
 p - an uncursed amulet of magic regeneration {unknown}
Wands
 u - a wand of flame (9)
Scrolls
 c - 2 scrolls of fear
 g - 4 scrolls of teleportation {unknown}
 m - 2 scrolls of identify {unknown}
 o - a scroll of fog {unknown}
 v - a scroll of magic mapping {unknown}
Potions
 i - 2 potions of lignification {unknown}
 n - a potion of degeneration {unknown}
 q - a potion of heal wounds {unknown}
 r - a potion of invisibility {unknown}
 s - a potion of brilliance {unknown}
Comestibles
 f - 5 rations


   Skills:
 + Level 2.9 Fighting
 + Level 1.4 Short Blades
 + Level 2.9 Long Blades
 + Level 1.4 Axes
 + Level 1.4 Maces & Flails
 + Level 1.4 Polearms
 + Level 1.4 Staves
 + Level 1.4 Slings
 + Level 1.4 Bows
 + Level 1.4 Crossbows
 + Level 1.4 Throwing
 + Level 1.4 Armour
 + Level 2.9 Dodging
 + Level 7.9 Stealth
 + Level 2.9 Shields
 + Level 2.9 Unarmed Combat
 + Level 1.4 Spellcasting
 + Level 1.1 Conjurations
 + Level 1.1 Hexes
 + Level 1.1 Charms
 + Level 1.1 Summonings
 + Level 1.1 Necromancy
 + Level 1.1 Translocations
 + Level 1.1 Transmutations
 + Level 1.1 Fire Magic
 + Level 1.1 Ice Magic
 + Level 1.1 Air Magic
 + Level 1.1 Earth Magic
 + Level 1.1 Poison Magic
 + Level 1.6 Invocations
 + Level 2.9 Evocations


You had 6 spell levels left.
You didn't know any spells.
Your spell library was empty.

Dungeon Overview and Level Annotations

Branches:
Dungeon (3/15)

Altars:


Innate Abilities, Weirdness & Mutations

Your experience applies equally to all skills.
You have very sharp teeth.
Your uncanny sense of smell can sniff out nearby items.


Message History

Quivering
l - 5 javelins for throwing.
Throwing (i - inventory. (/) - cycle)
l - 5 javelins (quivered)
Press: ? - help, Shift-Dir - straight line, f - goblin
Aim: a goblin (moderately wounded)
You throw a javelin. The javelin pierces through the goblin!
You kill the goblin!
You hit the ogre. Your bite misses the ogre.
The ogre is lightly wounded.
You block the ogre's attack.
You hit the ogre but do no damage.
The ogre is lightly wounded.
The ogre hits you with a +0 giant club!!
You slash the ogre!
The ogre is moderately wounded.
You block the ogre's attack.
You slash the ogre!
The ogre is severely wounded.
The ogre hits you with a +0 giant club!!
Ouch! That really hurt!
You die...

... ........# ... .........
... ......).# # ..#
........# .### ...
........####..... ...
.................
.#.#.....................
.............#O###.)...
............##@## ...%
............##..## #.
.##...........###..###
.................#...##
..............##.#....# ..
..##.....÷....##......##...
..##...........###.........
#.#######..#...####........
#.#.....<......†.).........


You could see an ogre.

Vanquished Creatures
  An orc priest (D:2)
  Terence (D:2)
  An orc wizard (D:2)
  An adder (D:2)
  2 worms
  A dart slug (D:1)
  A leopard gecko (D:1)
  2 orcs (D:1)
  4 giant cockroaches
  8 goblins
  8 hobgoblins
  A quokka (D:3)
  6 bats
  4 frilled lizards
  8 kobolds
  4 rats
53 creatures vanquished.

Notes
Turn   | Place    | Note
-------+----------+-------------------------------------------
     0 | D:1      | Kagalorn the Gnoll Wanderer began the quest for the Orb.
     0 | D:1      | Kagalorn set off with the following items: a +2 dagger, a
                  | scroll of fear, a +0 falchion, a +0 buckler, a +0 robe, a
                  | ration
     0 | D:1      | Reached XP level 1. HP: 17/17 MP: 2/2
    80 | D:1      | Reached XP level 2. HP: 9/23 MP: 3/3
   700 | D:1      | Reached XP level 3. HP: 26/28 MP: 4/4
  1173 | D:2      | Found a faded altar of an unknown god.
  1208 | D:2      | Reached skill level 1 in Invocations
  1313 | D:2      | Noticed Terence
  1338 | D:2      | Killed Terence
  1338 | D:2      | Reached skill level 1 in Short Blades
  1338 | D:2      | Reached skill level 1 in Axes
  1338 | D:2      | Reached skill level 1 in Maces & Flails
  1338 | D:2      | Reached skill level 1 in Polearms
  1338 | D:2      | Reached skill level 1 in Staves
  1338 | D:2      | Reached skill level 1 in Slings
  1338 | D:2      | Reached skill level 1 in Bows
  1338 | D:2      | Reached skill level 1 in Crossbows
  1338 | D:2      | Reached skill level 1 in Throwing
  1338 | D:2      | Reached skill level 1 in Armour
  1338 | D:2      | Reached skill level 1 in Spellcasting
  1338 | D:2      | Reached XP level 4. HP: 30/34 MP: 4/6
  1800 | D:3      | Noticed an ogre
  1922 | D:2      | Reached skill level 1 in Conjurations
  1922 | D:2      | Reached skill level 1 in Hexes
  1922 | D:2      | Reached skill level 1 in Charms
  1922 | D:2      | Reached skill level 1 in Summonings
  1922 | D:2      | Reached skill level 1 in Necromancy
  1922 | D:2      | Reached skill level 1 in Translocations
  1922 | D:2      | Reached skill level 1 in Transmutations
  1922 | D:2      | Reached skill level 1 in Fire Magic
  1922 | D:2      | Reached skill level 1 in Ice Magic
  1922 | D:2      | Reached skill level 1 in Air Magic
  1922 | D:2      | Reached skill level 1 in Earth Magic
  1922 | D:2      | Reached skill level 1 in Poison Magic
  2011 | D:1      | Reached XP level 5. HP: 20/40 MP: 7/7
  2368 | D:3      | Slain by an ogre

Levels and vault maps discovered:
D:1:      erik_arrival_cave_to_civilisation [erik_arrival_cave_to_hall],
          layout_basic
D:2:      layout_loops_ring, chequers_ecumenical_altar_simple,
          minmay_diced_spiral, uniq_terence
D:3:      layout_rooms, first_ration

Skill      XL: |  1  2  3  4 |
---------------+-------------+-----
Invocations    | 1 |  1.6
Short Blades   | 1 |  1.4
Axes           | 1 |  1.4
Maces & Flails | 1 |  1.4
Polearms       | 1 |  1.4
Staves         | 1 |  1.4
Slings         | 1 |  1.4
Bows           | 1 |  1.4
Crossbows      | 1 |  1.4
Throwing       | 1 |  1.4
Armour         | 1 |  1.4
Spellcasting   | 1 |  1.4
Conjurations   | 1 |  1.1
Hexes          | 1 |  1.1
Charms         | 1 |  1.1
Summonings     | 1 |  1.1
Necromancy     | 1 |  1.1
Translocations | 1 |  1.1
Transmutations | 1 |  1.1
Fire Magic     | 1 |  1.1
Ice Magic      | 1 |  1.1
Air Magic      | 1 |  1.1
Earth Magic    | 1 |  1.1
Poison Magic   | 1 |  1.1
Fighting       | |  2.9
Long Blades    | |  2.9
Dodging        | |  2.9
Stealth        | |  7.9
Shields        | |  2.9
Unarmed Combat | |  2.9
Evocations     | |  2.9

Action                   |  1- 3 |  4- 6 || total
-------------------------+-------+-------++-------
Melee: Dagger            |    94 |       ||    94
       Bite              |    17 |    13 ||    30
       Falchion          |    26 |    89 ||   115
Throw: Javelin           |       |     1 ||     1
 Stab: Sleeping          |     5 |       ||     5
  Eat: Chunk             |     1 |     4 ||     5
Armor: Robe              |     7 |       ||     7
       Chain mail        |    46 |    63 ||   109
Dodge: Dodged            |    44 |    39 ||    83
Block: Buckler           |    29 |    31 ||    60
       Rpst.: Falchion   |     5 |    11 ||    16
